 Dungeon Crawl Stone Soup version 0.21-a0-50-g941c862 (webtiles) character file.

171 TheOrbIsALie the Chiller (level 5, -3/35 HPs)
             Began as a Mummy Ice Elementalist on June 11, 2017.
             Slain by a gnoll (7 damage)
             ... on level 3 of the Dungeon.
             The game lasted 00:07:02 (2419 turns).

TheOrbIsALie the Chiller (Mummy Ice Elementalist)   Turns: 2419, Time: 00:07:03

Health: -3/35      AC:  6    Str: 11    XL:     5   Next: 26%
Magic:  2/9        EV: 12    Int: 16    God:
Gold:   168        SH:  0    Dex: 12    Spells: 6/9 levels left

rFire    x x .     SeeInvis +   n - +1 short sword (flame)
rCold    + + .     Gourm    .   (no shield)
rNeg     + + +     Faith    .   a - +0 robe
rPois    ∞         Spirit   .   d - +0 helmet {SInv}
rElec    .         Reflect  .   e - +2 cloak
rCorr    .         Harm     .   (no gloves)
MR       +....                  (no boots)
Stlth    ++........             (no amulet)
Regen    0.2/turn               i - ring of ice
MPRegen  0.2/turn               k - ring of protection from magic

@: no status effects
A: no food or potions, fire vulnerability, cold resistance 1, negative energy
resistance 3, torment resistance, unbreathing
a: no special abilities


You were on level 3 of the Dungeon.
You were not hungry.

You visited 1 branch of the dungeon, and saw 3 of its levels.

You collected 168 gold pieces.

Inventory:

Hand Weapons
 n - a +1 short sword of flaming (weapon)
Armour
 a - a +0 robe (worn)
 d - a +0 helmet of see invisible (worn)
 e - a +2 cloak (worn)
 m - a +0 ring mail
Jewellery
 i - a ring of ice (left hand)
 k - a ring of protection from magic (right hand)
Scrolls
 c - a scroll of noise {unknown}
 f - 2 scrolls of blinking {unknown}
 g - 3 scrolls of identify {unknown}
 h - 2 scrolls of fear {unknown}
 j - 2 scrolls of enchant armour {unknown}
 l - a scroll of teleportation {unknown}
Books
 b - a book of Frost

   Spells                             Type                      Level
   a - Freeze                         Ice                          1
   b - Throw Frost                    Conjuration/Ice              2
   c - Ozocubu's Armour               Charms/Ice                   3
   d - Throw Icicle                   Conjuration/Ice              4
   e - Summon Ice Beast               Ice/Summoning                4


   Skills:
 - Level 1.5 Dodging
 - Level 1.5 Stealth
 - Level 2.6 Spellcasting
 - Level 0.7 Conjurations
 + Level 5.0 Ice Magic


You had 6 spell levels left.
You knew the following spells:

 Your Spells              Type           Power        Failure   Level  Hunger
a - Freeze                Ice            ####         2%          1    N/A
b - Throw Frost           Conj/Ice       ###...       9%          2    N/A

Dungeon Overview and Level Annotations

Branches:
Dungeon (3/15)

Altars:

Annotations:
D:3 Grinder


Innate Abilities, Weirdness & Mutations

You do not eat or drink.
Your flesh is vulnerable to fire.
You are immune to poison.
Your flesh is cold resistant. (rC+)
You are immune to negative energy. (rN+++)
You are immune to unholy pain and torment.
You can survive without breathing.


Message History

Press: ? - help, Shift-Dir - straight line, f/p - gnoll
Aim: a gnoll, wielding a flail (heavily wounded)
You feel a surge of power!
You freeze the gnoll.
You kill the gnoll!
Your Ice Magic skill increases to level 5!
The gnoll shouts!
The gnoll throws a stone.
The stone hits you.
* * * LOW HITPOINT WARNING * * *
Things that are here:
a stone; a flail The gnoll throws a stone.
The stone hits you but does no damage.
You see here a stone.
The gnoll throws a stone.
The stone barely misses you.
The gnoll throws a stone.
The stone hits you.
* * * LOW HITPOINT WARNING * * *
You see here a stone.
The gnoll throws a stone.
The stone hits you but does no damage.
You see here a stone.
The gnoll hits you!
You die...

#.####'### #.# #.# .# #.# #.#
.# #.# #.# g# #.# #.# .# #.#
#.# .# #.####.# .#
################.g(.).#######.#
...........((.((@.......)(....#
###############################


You could see a gnoll.

Vanquished Creatures
  Jessica (D:2)
  Robin (D:2)
  2 gnolls (D:3)
  4 adders
  A dart slug (D:2)
  3 leopard geckos
  An orc (D:3)
  2 ball pythons
  2 bats
  3 giant cockroaches
  17 goblins
  6 hobgoblins
  2 jackals (D:2)
  A quokka (D:2)
  6 frilled lizards
  4 kobolds
  19 rats
75 creatures vanquished.

Notes
Turn   | Place    | Note
-------+----------+-------------------------------------------
     0 | D:1      | TheOrbIsALie the Mummy Ice Elementalist began the quest for the Orb.
     0 | D:1      | Reached XP level 1. HP: 13/13 MP: 4/4
   109 | D:1      | Reached XP level 2. HP: 19/19 MP: 2/5
   125 | D:1      | Reached skill level 3 in Ice Magic
   872 | D:1      | Reached XP level 3. HP: 18/24 MP: 2/7
   935 | D:2      | Noticed Jessica
   941 | D:2      | Killed Jessica
  1077 | D:2      | Reached skill level 4 in Ice Magic
  1165 | D:2      | Reached XP level 4. HP: 19/30 MP: 0/8
  1359 | D:2      | Noticed Robin
  1513 | D:2      | Killed Robin
  2001 | D:3      | Noticed Grinder
  2133 | D:3      | Reached XP level 5. HP: 35/35 MP: 7/9
  2386 | D:3      | Learned a level 2 spell: Throw Frost
  2413 | D:3      | Reached skill level 5 in Ice Magic
  2419 | D:3      | Slain by a gnoll

Vault maps used:
D:1:      erik_arrival_orb_chamber
D:2:      uniq_jessica, uniq_robin
D:3:      uniq_grinder

Skill      XL: |  1  2  3  4  5 |
---------------+----------------+-----
Ice Magic      | 3 4 5 |  5.0
Dodging        | |  1.5
Stealth        | |  1.5
Spellcasting   | |  2.6
Conjurations   | |  0.7

Action                   |  1- 3 |  4- 6 || total
-------------------------+-------+-------++-------
Melee: Unarmed           |    26 |     2 ||    28
 Cast: Freeze            |    52 |    51 ||   103
       Throw Frost       |       |     4 ||     4
Armor: Robe              |    13 |    16 ||    29
Dodge: Dodged            |    25 |    28 ||    53
